cohdb
Replays
Latest Replays
All Replays
Popular Replays
Top Player Replays
Match Explorer
How It Works
Community
CoH3 Stats
Reddit
Sign in to upload your games and track your stats! →
Sign in with Steam
Match 39963308
Unlisted
Match 39963308
Overview
Messages
Build Orders
End
Panzerpioneer Squad
250 Light Carrier
Selects Panzerjäger Kommand Battlegroup
Panzergrenadier Squad
Construct Light Support Kompanie
250 Light Carrier
MG34 Team
Panzerpioneer Squad
Combat Half-tracks
Panzerjäger Mechanized Group
Fire Support Elements
2.5-tonne Medical Truck
Selects Mine Fields
Selects Tank Busters
le.IG 18 Support Gun Team
Construct Panzerarmee Kommand
Selects Early Warning
Early Warning
Panzerjäger Squad
Pak 38 Anti-tank Gun Team
Assault Mechanized Group
Walking Stuka Rocket Launcher
Panzergrenadier Squad
Selects Butterfly Bomb Drop
Flakvierling Half-track
Panzerpioneer Squad
Selects Crew Shock Tactics
Sharpe
Antelope
Biggus dickus
Karl Müller
silentbreacher
Mark29
PIG_yobaboink
purepinoy
0
0
Comments
sign in to comment!
No comments posted yet!